 Dungeon Crawl Stone Soup version 0.17-a0-1360-g37db002 (webtiles) character file.

689148 Hanyuu the Axe Maniac (level 27, -4/214 HPs)
             Began as a Demonspawn Gladiator on June 8, 2015.
             Was the Champion of Makhleb.
             Slain by Dissolution (32 damage)
             ... on level 2 of the Pits of Slime on June 11, 2015.
             The game lasted 08:00:59 (76845 turns).

Hanyuu the Axe Maniac (Demonspawn Gladiator)       Turns: 76845, Time: 08:01:01

Health: -4/214     AC: 38    Str: 27    XL:     27
Magic:  14/38      EV: 13    Int: 19    God:    Makhleb [******]
Gold:   4757       SH:  0    Dex: 20    Spells: 13 memorised, 9 levels left

rFire  + + +     SeeInvis .     a - +9 executioner's axe (freeze)
rCold  . . .     Clarity  .     v - +7 chain mail of Indecent Exposure {MR+}
rNeg   + . .     SustAt   .     (no shield)
rPois  +         Gourm    .     I - +2 hat of the Journeyman {*Confuse rF++ rC+ Slay+2}
rElec  .         Spirit   .     m - +2 cloak {rPois}
rCorr  +         Warding  .     U - +3 pair of gauntlets of War {Slay+5}
rMut   .         Stasis   .     (boots unavailable)
MR     +++..                    j - amulet of resist corrosion
Stlth  ..........               W - ring of Moderation {Fire Str+4 Int+5 Dex+3}
                                R - +4 ring of slaying

@: about to teleport, corroded equipment, extremely resistant to hostile
enchantments, extremely unstealthy
A: talons 3, iridescent scales 3, agile 1, demonic guardian 3, negative energy
resistance 1, spiny 3, 50% torment resistance, no device heal 1, black mark
a: Minor Destruction, Lesser Servant of Makhleb, Major Destruction, Greater
Servant of Makhleb, Renounce Religion
}: 4/15 runes: decaying, serpentine, silver, golden


You were on level 2 of the Pits of Slime.
You worshipped Makhleb.
Makhleb was exalted by your worship.
You were not hungry.

You visited 12 branches of the dungeon, and saw 57 of its levels.
You visited 1 bazaar.
You also visited: Labyrinth, Ice Cave and Volcano.

You collected 8957 gold pieces.
You spent 4200 gold pieces at shops.

Inventory:

Hand weapons
 a - a +9 executioner's axe of freezing (weapon)
Missiles
 i - 2 throwing nets (quivered)
Armour
 m - a +2 cloak of poison resistance (worn)
 v - the +7 chain mail of Indecent Exposure (worn) {MR+}
   (You found it on level 3 of the Tomb of the Ancients)

   It affects your resistance to hostile enchantments.
 I - the +2 hat of the Journeyman (worn) {*Confuse rF++ rC+ Slay+2}
   (You found it on level 1 of the Depths)

   It affects your accuracy and damage with ranged weapons and melee attacks
   (+2).
   It greatly protects you from fire.
   It protects you from cold.
   It may confuse you when you take damage.
 S - a +8 crystal plate armour of cold resistance
 U - the +3 pair of gauntlets of War (worn) {Slay+5}
   (You found it on level 5 of the Vaults)

   It affects your accuracy and damage with ranged weapons and melee attacks
   (+5).
Rods
 y - a +4 lightning rod (14/14)
   (You found it in a labyrinth)
 Z - a +5 rod of shadows (9/9)
   (You found it on level 3 of the Crypt)
Jewellery
 b - the ring of Acirch {rElec rPois MR+ MP+9 Stlth+}
   (You bought it in a shop on level 5 of the Vaults)

   [ring of magical power]

   It insulates you from electricity.
   It protects you from poison.
   It affects your resistance to hostile enchantments.
   It affects your magic capacity (+9).
   It makes you more stealthy.
 d - the amulet of the Four Winds {Clar rN+ MR+++}
   (You found it on level 1 of the Swamp)

   [amulet of clarity]

   It provides mental clarity.
   It protects you from negative energy.
   It affects your resistance to hostile enchantments.
 j - an amulet of resist corrosion (around neck)
 x - an uncursed amulet of guardian spirit
 A - an uncursed ring of teleport control
 E - an uncursed amulet of resist mutation
 L - an uncursed ring of wizardry
 Q - an uncursed ring of positive energy
 R - a +4 ring of slaying (left hand)
 W - the ring of Moderation (right hand) {Fire Str+4 Int+5 Dex+3}
   (You bought it in a shop on level 4 of the Orcish Mines)

   [ring of fire]

   It enhances your fire magic, and weakens your ice magic.
   It affects your strength (+4).
   It affects your intelligence (+5).
   It affects your dexterity (+3).
   It protects you from fire.
   It makes you vulnerable to cold.
Magical devices
 C - a wand of heal wounds (4)
 D - a wand of fire (10)
 H - a wand of disintegration (12)
 P - a wand of digging (11)
 T - a wand of draining (6)
 Y - a wand of teleportation (2)
Scrolls
 f - a scroll of silence
 h - 5 scrolls of magic mapping
 r - a scroll of summoning
 s - 11 scrolls of identify
 u - 7 scrolls of blinking
 z - 6 scrolls of amnesia
 B - 13 scrolls of immolation
 K - 5 scrolls of enchant armour
 M - 3 scrolls of recharging
 O - 20 scrolls of remove curse
Potions
 e - 5 potions of lignification
 g - 2 potions of haste
 k - 5 potions of brilliance
 l - 3 potions of agility
 o - 2 potions of invisibility
 t - 6 potions of magic
 w - 10 potions of flight
 F - 7 potions of berserk rage
 G - 14 potions of curing
 J - 4 potions of cancellation
 V - 6 potions of heal wounds
 X - 4 potions of might
Comestibles
 c - 5 bread rations
 p - 23 meat rations
 q - 16 beef jerkies


   Skills:
 - Level 17.0 Fighting
 O Level 27 Axes
 - Level 3.0 Throwing
 - Level 26.1 Armour
 - Level 5.0 Dodging
 + Level 11.9 Spellcasting
 - Level 8.0 Charms
 - Level 3.1 Necromancy
 * Level 1.0 Ice Magic
 - Level 11.0 Invocations
 - Level 8.1 Evocations


You had 9 spell levels left.
You knew the following spells:

 Your Spells              Type           Power        Failure   Level  Hunger
a - Summon Butterflies    Summ           ##......     17%         1    None
b - Conjure Flame         Conj/Fire      ###.....     50%         3    None
c - Invisibility          Hex            ##......     100%        6    ######.
d - Apportation           Tloc           ##........   17%         1    None
e - Phase Shift           Tloc           ##........   100%        5    ####...
f - Regeneration          Chrm/Necr      ####......   4%          3    None
g - Dispel Undead         Necr           ###.....     90%         5    ####...
h - Shroud of Golubria    Chrm/Tloc      ####......   4%          2    None
i - Blink                 Tloc           N/A          24%         2    None
j - Passage of Golubria   Tloc           N/A          98%         4    ##.....
k - Swiftness             Chrm/Air       ####....     4%          2    None
l - Repel Missiles        Chrm/Air       ####..       4%          2    None
m - Condensation Shield   Ice            #.........   83%         4    ##.....


Dungeon Overview and Level Annotations

Branches:
Dungeon (15/15)            Temple (1/1) D:5            Lair (8/8) D:11
  Swamp (4/4) Lair:3        Snake (4/4) Lair:4        Slime (2/6) Lair:7
    Orc (4/4) D:11            Elf (3/3) Orc:4        Vaults (5/5) D:14
  Crypt (3/3) Vaults:3       Tomb (3/3) Crypt:3      Depths (5/5) D:15
    Zot (0/5) Depths:5

Altars:
Ashenzari
Elyvilon
Fedhas
Gozag
Kikubaaqudgha
Makhleb
Okawaru
Qazlal
Ru
Sif Muna
Trog
Vehumet
Xom
Yredelemnul
Zin
The Shining One
Beogh

Shops:
D:2 *   D:6 ?   D:11 =   D:14 *   Orc:2 :   Orc:4 ([=*   Elf:1 *   Snake:4 [
Vaults:1 (   Vaults:2 :   Vaults:5 =*?}

Portals:
Hell: Depths:1 Depths:2 Depths:3 Depths:4 Depths:5
Abyss: Depths:2 Depths:3 Depths:4
Pandemonium: Depths:2 Depths:3
Ziggurat: Depths:1
Trove: Depths:4 (give wand of heal wounds (9))

Annotations:
Slime:2 Dissolution


Innate Abilities, Weirdness & Mutations

You have claws for feet.
You are completely covered in iridescent scales (AC +8).
A powerful demonic guardian rushes to your aid.
You resist negative energy.
You are completely covered in sharp spines.
You are somewhat able to resist unholy torments (1 in 2 success).
Your melee attacks may debilitate your foes.
You are agile. (Dex +2)
Potions and wands are less effective at restoring your health.


Message History

Evoke which item? (* to show all) (? for menu, Esc to quit)
Zapping:
C - a wand of heal wounds (5)
Press: ? - help, Shift-Dir - straight line, f - you You feel much better.
This wand has 4 charges left.
The wall burns you! You resist.
* * * LOW HITPOINT WARNING * * *
The golden eye blinks at you. You resist with almost no effort.
Dissolution is struck by your spines. Dissolution closely misses you.
Dissolution hits you but does no damage.
Evoke which item? (* to show all) (? for menu, Esc to quit)
Zapping:
Y - a wand of teleportation (3)
Press: ? - help, Shift-Dir - straight line, f - you You feel strangely unstable.
This wand has 2 charges left.
The wall burns you! You resist.
* * * LOW HITPOINT WARNING * * *
The golden eye blinks!
The golden eye blinks at you. You resist with some effort.
Dissolution hits you!!
You die...

...### ... #...........# #
......###.## ##......>....
.##.#........ ##.#..........
.#....#.....###.............
.............#...#....#.....
............................
...#...##...................
................G§......#...
...............G@J.#.......#
..............##...##...#...
...................G....#...
.................#.##.......
..............G...## ......
.........#........ .....
........#......... ....
.........#.###.#..#
.........###


You could see Dissolution, 2 eyes of draining and 2 golden eyes.

Vanquished Creatures
  4 ancient liches
  Mara (Elf:3)
  39 greater mummies
  Sojobo (Crypt:1)
  Frederick (Vaults:3)
  Margery (Vaults:4)
  Saint Roka (Crypt:2)
  A caustic shrike (Depths:3)
  2 golden dragons
  A bone dragon (Crypt:3)
  12 liches
  Jorgrun (Snake:4)
  A deep elf blademaster (Elf:3)
  2 deep elf master archers (Elf:3)
  A quicksilver dragon (Vaults:5)
  2 acid blobs (Slime:1)
  9 titans (Vaults:5)
  An octopode crusher (Depths:1)
  5 ancient champions
  6 shadow dragons
  11 sphinxes
  Kirke (Swamp:2)
  3 thorn hunters (Swamp:4)
  5 storm dragons
  9 fire giants
  An azure jelly (Slime:2)
  2 revenants
  13 tengu reavers
  Wiglaf (Depths:2)
  7 greater nagas
  Donald (Crypt:2)
  9 deep elf sorcerers
  Aizul (Swamp:3)
  A draconian scorcher (Depths:5)
  6 frost giants
  15 vault wardens
  A ghoul (Crypt:3)
  15 ironheart preservers
  3 spriggan defenders
  6 vampire knights
  A caustic shrike skeleton (Depths:1)
  25 stone giants
  16 very ugly things
  6 war gargoyles
  A salamander firebrand (Depths:5)
  6 bennus
  6 deep elf annihilators (Elf:3)
  A yellow draconian (Depths:5)
  A red draconian (Depths:5)
  11 deep elf demonologists
  A white draconian (Depths:5)
  A purple draconian (Depths:5)
  An ettin (shapeshifter) (Depths:2)
  8 deep elf death magi
  14 ettins
  An eidolon (Crypt:1)
  10 crystal guardians
  A minotaur (Lab)
  A merfolk impaler (Depths:1)
  A minotaur (shapeshifter) (Depths:1)
  4 rakshasas
  29 vault guards
  10 fire dragons
  21 mummy priests
  5 deep elf high priests
  5 jiangshi
  9 great orbs of eyes
  13 ice dragons
  5 entropy weavers
  11 hydras
  15 yaktaur captains
  16 naga warriors
  13 centaur warriors
  10 anacondas
  A catoblepas (Lair:8)
  2 death knights
  2 spriggan air magi (Depths:5)
  8 deep troll earth magi
  22 dancing weapons
  2 salamander stormcallers
  3 death yaks (Lair:7)
  21 ogre magi
  3 tengu warriors
  9 shock serpents
  16 naga sharpshooters
  3 orc high priests
  3 spriggan berserkers
  3 deep troll shamans
  22 hell knights
  3 vampire magi
  17 deep elf knights
  2 iron trolls
  2 large abominations (Elf:3)
  A death drake (shapeshifter) (Depths:4)
  18 skeletal warriors
  11 alligators
  A shadow wraith (Vaults:4)
  9 salamander mystics
  A fire crab (Lair:5)
  53 death scarabs
  3 ice devils
  7 naga ritualists
  2 unseen horrors
  6 flayed ghosts
  18 deep trolls
  3 giant orange brains
  10 deep elf summoners
  5 shambling mangroves
  14 necromancers
  6 swamp dragons
  20 deep elf conjurers
  5 lindwurms
  19 ironbrand convokers
  A wizard (Depths:1)
  22 orc knights
  6 hill giants
  An anaconda skeleton (Crypt:1)
  4 phantasmal warriors
  6 wolf spiders
  65 ugly things
  9 orc sorcerers
  7 mana vipers
  A manticore (D:15)
  3 hornets
  A stone giant zombie (Crypt:3)
  5 griffons
  22 salamanders
  16 anubis guards
  5 cyclopes
  A frost giant zombie (Tomb:1)
  A sphinx skeleton (Crypt:2)
  A fire giant zombie (Crypt:2)
  A shining eye (Slime:2)
  34 elephants
  13 vault sentinels
  An iron dragon skeleton (Depths:1)
  A hornet (shapeshifter) (Depths:4)
  An octopode (shapeshifter) (Vaults:1)
  2 fire giant skeletons
  A spiny frog (shapeshifter) (Vaults:5)
  8 guardian serpents
  An eye of devastation (Slime:2)
  35 black mambas
  25 naga magi
  24 spiny frogs
  4 gargoyles
  31 yaktaurs
  A shock serpent skeleton (Crypt:1)
  3 kobold demonologists
  2 fire drakes
  A dire elephant skeleton (Tomb:1)
  9 komodo dragons
  A yaktaur (shapeshifter) (Vaults:5)
  42 guardian mummies
  2 spriggan druids
  10 deep elf priests
  8 freezing wraiths
  6 tengu conjurers
  23 two-headed ogres
  A merfolk (shapeshifter) (D:13)
  An efreet (Volcano)
  A death drake zombie (Crypt:2)
  2 harpy zombies
  2 polar bears (shapeshifter) (Vaults:4)
  8 giant leeches
  37 slime creatures
  A fire giant simulacrum (Vaults:1)
  8 blue devils (IceCv)
  5 polar bears (Lair:8)
  17 blink frogs
  13 trolls
  A minotaur skeleton (Lab)
  A frost giant simulacrum (Vaults:5)
  6 bog bodies
  A hydra skeleton (Crypt:3)
  A wind drake (shapeshifter) (Depths:3)
  An ettin zombie (Crypt:3)
  14 ushabtiu
  An elf zombie (Vaults:5)
  11 removed MONS_RAVENs
  A guardian serpent zombie (Crypt:1)
  A tarantella zombie (Crypt:2)
  6 boulder beetles
  2 wyverns
  4 air elementals (Depths:5)
  35 flying skulls
  A redback (shapeshifter) (Vaults:5)
  23 redbacks
  2 ice dragon skeletons (Crypt:3)
  22 spriggans
  4 shadows
  4 water elementals (Depths:1)
  A spriggan (shapeshifter) (Vaults:1)
  3 trapdoor spiders
  A wyvern (shapeshifter) (Vaults:5)
  A fire dragon skeleton (Crypt:3)
  30 deep elf magi
  45 yaks
  A tarantella (Depths:5)
  A basilisk (Lair:8)
  A yak (shapeshifter) (Vaults:3)
  3 fire elementals
  4 wraiths
  A tarantella (shapeshifter) (Vaults:3)
  4 wandering mushrooms (D:8)
  Grum (D:8)
  13 hippogriffs
  2 mottled dragons
  23 swamp worms
  A fire bat (shapeshifter) (Elf:1)
  3 steam dragons
  28 vampire mosquitoes
  2 hungry ghosts
  39 deep elf fighters
  Menkaure (D:5)
  A water moccasin (shapeshifter) (Vaults:3)
  8 wargs
  18 insubstantial wisps
  A soldier ant (D:15)
  13 porcupines
  55 nagas
  2 hell hounds (D:15)
  A hippogriff (shapeshifter) (D:15)
  44 wolves
  An orb spider zombie (Crypt:1)
  An eye of draining (shapeshifter) (Vaults:1)
  A gelid demonspawn skeleton (Crypt:2)
  9 swamp drakes
  62 orc warriors
  4 sky beasts
  14 water moccasins
  2 ice beasts
  A torturous demonspawn skeleton (Crypt:1)
  4 eyes of draining
  18 wasps
  9 black bears
  4 necrophages (Crypt:3)
  A spiny frog skeleton (Crypt:3)
  A lindwurm zombie (Crypt:1)
  A snapping turtle skeleton (Tomb:1)
  24 boggarts
  3 phantoms
  74 ogres
  30 centaurs
  10 crocodiles
  6 big kobolds
  A fire drake skeleton (Crypt:2)
  A wyvern zombie (D:12)
  22 giant frogs
  2 gnoll sergeants
  A deep troll simulacrum (Vaults:5)
  A warg zombie (Crypt:2)
  3 scorpions
  2 oklob saplings (D:8)
  A vampire bat (Orc:2)
  A troll skeleton (Lab)
  A wolf zombie (Crypt:1)
  4 electric eels
  8 crimson imps
  2 quasits
  A human simulacrum (Vaults:2)
  2 gnoll shamans (D:7)
  6 wights
  4 centaur zombies
  A demonspawn zombie (Crypt:2)
  12 jellies
  3 hounds
  4 lava snakes (Lab)
  Crazy Yiuf (D:2)
  6 iguanas
  A human zombie (Crypt:3)
  A jelly (shapeshifter) (Vaults:5)
  23 orc wizards
  An iron imp (Depths:2)
  2 giant frog skeletons
  3 human skeletons
  28 orc priests
  5 centaur skeletons
  8 sheep
  5 worker ants
  A killer bee zombie (D:7)
  A tengu skeleton (Crypt:3)
  A hound skeleton (D:5)
  41 mummies
  A worker ant zombie (D:10)
  Robin (D:3)
  11 adders
  21 gnolls
  46 river rats
  4 shadow imps
  4 white imps
  2 oozes (D:7)
  6 ufetubi (IceCv)
  3 adder zombies
  A worm zombie (Crypt:1)
  2 worms
  4 giant geckos
  190 orcs
  23 bats
  2 bat zombies
  4 giant cockroaches
  24 hobgoblins
  23 kobolds
  4 quokkas
  A giant cockroach zombie (Crypt:2)
  3 giant newts
  29 goblins
  6 jackals
  A quokka skeleton (D:4)
  A quokka zombie (D:6)
  13 rats
  A bush (Lair:8)
  A butterfly (Lair:5)
  5 crawling corpses
  15 fungi
  14 plants
2852 creatures vanquished.

Vanquished Creatures (collateral kills)
  5 greater mummies (Tomb:1)
  A golden dragon (Vaults:5)
  2 liches
  2 sphinxes (Tomb:1)
  2 shadow dragons (Vaults:5)
  Roxanne (D:14)
  A storm dragon (Vaults:3)
  2 greater nagas (Snake:4)
  A frost giant (Depths:2)
  An iron dragon (Depths:2)
  2 deep elf sorcerers
  An orc warlord (Orc:3)
  Louise (Swamp:3)
  A vault warden (Vaults:3)
  2 very ugly things (Depths:2)
  2 ironheart preservers
  3 stone giants
  Azrael (D:15)
  A deep elf annihilator (Elf:3)
  Snorg (Lair:4)
  A deep elf death mage (Elf:3)
  An ettin (Depths:1)
  3 mummy priests
  5 vault guards
  An entropy weaver (Depths:1)
  7 hydras
  Harold (Lair:1)
  An alligator snapping turtle (shapeshifter) (Depths:2)
  2 alligators
  An ogre mage (Vaults:5)
  A salamander stormcaller (Vaults:3)
  A titan zombie (Crypt:3)
  2 dancing weapons (Elf:2)
  4 hell knights
  A vampire mage (Depths:4)
  A deep elf knight (Elf:1)
  3 skeletal warriors (Crypt:3)
  A golden dragon zombie (Depths:1)
  4 swamp dragons (Swamp:4)
  A death scarab (Tomb:3)
  2 anubis guards
  A golden dragon skeleton (Crypt:3)
  2 necromancers
  An orc knight (Orc:3)
  A cyclops (D:15)
  A hornet (shapeshifter) (Vaults:3)
  A wolf spider (Vaults:5)
  A hornet (Vaults:5)
  2 slime creatures
  A tengu skeleton (Depths:1)
  4 elephants
  A vault sentinel (Vaults:3)
  An eye of devastation (Lair:7)
  A torpor snail (Lair:4)
  2 komodo dragons
  3 spiny frogs
  A yaktaur (Depths:4)
  A fire drake (Swamp:4)
  6 guardian mummies
  2 two-headed ogres
  A giant leech (Swamp:3)
  A freezing wraith (Crypt:1)
  A removed MONS_RAVEN (Swamp:4)
  An ushabti (Tomb:1)
  A hornet zombie (Crypt:2)
  4 blink frogs
  A stone giant simulacrum (Depths:1)
  A boulder beetle (Vaults:3)
  An alligator skeleton (Tomb:2)
  3 spriggans
  4 redbacks
  3 yaks
  A deep elf fighter (Elf:2)
  A deep elf mage (Vaults:3)
  3 swamp worms (Swamp:2)
  4 wolves
  An insubstantial wisp (Swamp:3)
  5 vampire mosquitoes
  A hell hound (D:15)
  5 swamp drakes
  An elephant zombie (Crypt:2)
  2 ogres
  3 orc warriors (Orc:4)
  A wasp (Lair:8)
  A giant frog (Lair:1)
  2 orc priests
  An orc wizard (D:4)
  2 mummies
  3 gnolls (D:7)
  A shadow imp (D:10)
  An adder (D:4)
  4 orcs
  2 goblins (Orc:4)
  A lost soul (Crypt:3)
  3 plants
181 creatures vanquished.

Vanquished Creatures (others)
  2 liches
  2 eldritch tentacles
  2 tengu reavers
  2 revenants (Tomb:2)
  A fire giant (Depths:4)
  A vampire knight (Depths:3)
  A deep elf high priest (Elf:3)
  A naga warrior (Snake:4)
  A ghost crab (shapeshifter) (Vaults:5)
  A shock serpent (Snake:2)
  8 death scarabs (Tomb:2)
  An unseen horror (shapeshifter) (Vaults:3)
  2 deep elf conjurers (Elf:3)
  A stone giant skeleton (Tomb:2)
  2 guardian mummies
  A two-headed ogre (Vaults:4)
  A fire vortex (Vaults:5)
  A hydra skeleton (Tomb:2)
  A removed MONS_RAVEN (Depths:3)
  3 flying skulls (Tomb:3)
  A black mamba zombie (Tomb:2)
  A human (Swamp:2)
  A naga (Snake:3)
  A boggart (Depths:2)
  2 mummies (Tomb:2)
  2 white imps (IceCv)
  6 ufetubi (IceCv)
  An orc (Elf:3)
  213 eldritch tentacle segments
  24 fungi
  10 lost souls
  7 plants
304 creatures vanquished.

Grand Total: 3337 creatures vanquished

Notes
Turn   | Place    | Note
--------------------------------------------------------------
     0 | D:1      | Hanyuu the Demonspawn Gladiator began the quest for the Orb.
     0 | D:1      | Reached XP level 1. HP: 16/16 MP: 1/1
   302 | D:1      | Reached skill level 3 in Axes
   519 | D:1      | Gained mutation: You are partially covered in sharp spines. [demonic ancestry]
   519 | D:1      | Reached XP level 2. HP: 13/22 MP: 2/2
   577 | D:1      | Found a glowing golden altar of the Shining One.
   799 | D:2      | Reached XP level 3. HP: 7/27 MP: 3/3
   910 | D:2      | Reached skill level 4 in Axes
   923 | D:2      | Found Zin's Purification Station.
   932 | D:2      | Found a glowing silver altar of Zin.
  1107 | D:2      | Found a sacrificial altar of Ru.
  1499 | D:2      | Noticed Crazy Yiuf
  1508 | D:2      | Killed Crazy Yiuf
  1508 | D:2      | Gained mutation: A weak demonic guardian rushes to your aid. [demonic ancestry]
  1508 | D:2      | Reached XP level 4. HP: 33/33 MP: 4/4
  1618 | D:3      | Found a radiant altar of Vehumet.
  1618 | D:3      | Found a white marble altar of Elyvilon.
  1645 | D:3      | Found an iron altar of Okawaru.
  1671 | D:3      | Reached skill level 5 in Axes
  1806 | D:3      | Noticed Robin
  1817 | D:3      | Killed Robin
  1817 | D:3      | Reached XP level 5. HP: 38/38 MP: 5/5
  1938 | D:3      | Found a stormy altar of Qazlal.
  2176 | D:4      | Found a blossoming altar of Fedhas.
  2200 | D:4      | Gained mutation: You have sharp toenails. [demonic ancestry]
  2200 | D:4      | Reached XP level 6. HP: 42/47 MP: 6/6
  2244 | D:4      | Noticed an ogre
  2252 | D:4      | Killed an ogre
  2252 | D:4      | Reached skill level 6 in Axes
  2280 | D:4      | Learned a level 1 spell: Summon Butterflies
  2470 | D:5      | Entered Level 5 of the Dungeon
  2642 | D:5      | Found a staircase to the Ecumenical Temple.
  2652 | D:5      | Gained mutation: You are partially covered in iridescent scales (AC +4). [demonic ancestry]
  2652 | D:5      | Reached XP level 7. HP: 53/53 MP: 7/7
  2661 | Temple   | Entered the Ecumenical Temple
  2671 | Temple   | Became a worshipper of Makhleb the Destroyer
  2743 | D:5      | Noticed Menkaure
  2747 | D:5      | Killed Menkaure
  2747 | D:5      | Reached skill level 7 in Axes
  2747 | D:5      | Reached skill level 1 in Armour
  3364 | D:5      | Found a deep blue altar of Sif Muna.
  3367 | D:5      | Found a basalt altar of Yredelemnul.
  3485 | D:5      | Found an iron altar of Okawaru.
  3673 | D:5      | Gained mutation: You have razor-sharp toenails. [demonic ancestry]
  3673 | D:5      | Reached XP level 8. HP: 52/61 MP: 6/8
  3763 | D:5      | Acquired Makhleb's first power
  4422 | D:6      | Reached skill level 5 in Fighting
  4422 | D:6      | Reached skill level 8 in Axes
  4565 | D:6      | Found Habugh's Magic Scroll Shoppe.
  5041 | D:6      | Identified a scroll of acquirement
  5392 | D:7      | Reached skill level 9 in Axes
  5395 | D:7      | Acquired Makhleb's second power
  5719 | D:7      | Gained mutation: You are mostly covered in iridescent scales (AC +6). [demonic ancestry]
  5719 | D:7      | Reached XP level 9. HP: 63/68 MP: 7/9
  5923 | D:7      | Reached skill level 10 in Axes
  6133 | D:7      | Acquired Makhleb's third power
  6142 | D:7      | Reached skill level 11 in Axes
  6957 | D:8      | Found a blossoming altar of Fedhas.
  6963 | D:8      | Reached skill level 12 in Axes
  6963 | D:8      | Gained mutation: You are completely covered in iridescent scales (AC +8). [demonic ancestry]
  6963 | D:8      | Reached XP level 10. HP: 58/74 MP: 8/10
  7399 | D:8      | Noticed Grum
  7408 | D:8      | Acquired Makhleb's fourth power
  7412 | D:8      | Killed Grum
  7836 | D:9      | Reached skill level 1 in Invocations
  8541 | D:10     | Entered Level 10 of the Dungeon
  8559 | D:10     | Reached skill level 13 in Axes
  9016 | D:10     | Acquired Makhleb's fifth power
  9176 | D:10     | Noticed a hill giant
  9181 | D:10     | Killed a hill giant
  9181 | D:10     | Reached XP level 11. HP: 74/82 MP: 8/13
  9828 | D:11     | Got an ichor-stained robe
  9839 | D:11     | Identified the +1 robe of the Hidden Vale {rF- rC+ rN+ Str+3} (You found it on level 11 of the Dungeon)
  9903 | D:11     | Found Ciblom's Jewellery Emporium.
 10168 | D:11     | Reached skill level 1 in Spellcasting
 10304 | D:11     | Found a staircase to the Lair.
 10518 | D:11     | Found a staircase to the Orcish Mines.
 10809 | Lair:1   | Entered Level 1 of the Lair of Beasts
 10809 | Lair:1   | Noticed Harold
 11026 | Lair:1   | Reached skill level 14 in Axes
 11072 | Lair:1   | Found a dark tunnel.
 11084 | Volcano  | Entered a volcano
 11379 | Lair:1   | Killed Harold
 11743 | Lair:1   | Reached skill level 5 in Invocations
 11743 | Lair:1   | Gained mutation: You have claws for feet. [demonic ancestry]
 11743 | Lair:1   | Reached XP level 12. HP: 92/92 MP: 17/17
 12112 | Lair:2   | Noticed a five-headed hydra
 12115 | Lair:2   | Noticed a cacodemon
 12335 | Lair:3   | Reached skill level 15 in Axes
 12638 | Lair:3   | Found a staircase to the Swamp.
 13590 | Lair:2   | Killed a five-headed hydra
 13992 | Lair:4   | Found a staircase to the Snake Pit.
 14484 | Lair:4   | Reached XP level 13. HP: 101/101 MP: 19/19
 14499 | Lair:4   | Noticed Snorg
 14513 | Lair:4   | Killed Snorg
 16106 | Lair:5   | Reached skill level 16 in Axes
 16270 | Lair:4   | Reached skill level 10 in Fighting
 16571 | D:6      | Bought a scroll of acquirement for 520 gold pieces
 16580 | D:6      | Bought a scroll of enchant armour for 75 gold pieces
 16580 | D:6      | Bought a scroll of enchant armour for 75 gold pieces
 16580 | D:6      | Bought a scroll of enchant weapon for 75 gold pieces
 17819 | Lair:7   | Reached skill level 10 in Invocations
 17819 | Lair:7   | Reached skill level 5 in Spellcasting
 18071 | Lair:7   | Found a staircase to the Slime Pits.
 18340 | Lair:8   | Entered Level 8 of the Lair of Beasts
 18377 | Lair:8   | HP: 4/104 [elephant/exploding inner flame[the player character] (43)]
 18377 | Lair:8   | Reached XP level 14. HP: 36/111 MP: 1/22
 18693 | Lair:8   | Noticed a balrug
 18999 | Lair:8   | Reached skill level 5 in Armour
 19163 | Lair:8   | Reached skill level 17 in Axes
 20435 | Snake:1  | Entered Level 1 of the Snake Pit
 20648 | Orc:1    | Entered Level 1 of the Orcish Mines
 20815 | Orc:1    | Found a roughly hewn altar of Beogh.
 21137 | Orc:2    | Found Bemowargh's Book Boutique.
 21869 | Orc:3    | Found a frozen archway.
 21874 | IceCv    | Entered an ice cave
 22116 | IceCv    | Reached skill level 5 in Dodging
 23040 | Orc:3    | Found a bloodstained altar of Trog.
 23527 | Orc:4    | Entered Level 4 of the Orcish Mines
 23557 | Orc:4    | Found Onukk's General Store.
 23571 | Orc:4    | Bought a scroll of teleportation for 33 gold pieces
 23571 | Orc:4    | Bought a scroll of enchant armour for 82 gold pieces
 23632 | Orc:4    | Found Vuasm's Antique Armour Boutique.
 23654 | Orc:4    | Found a labyrinth entrance.
 23687 | Orc:4    | Noticed an orc warlord
 23687 | Orc:4    | Found Wamojag's Antique Weapon Emporium.
 23695 | Lab      | Entered a labyrinth
 23782 | Lab      | Got a heavily runed mottled dragon armour
 23797 | Lab      | Identified the +2 mottled dragon armour of Dawn {rPois Stlth+} (You found it in a labyrinth)
 24007 | Lab      | Got an ichor-stained plate armour
 24019 | Lab      | Identified the +1 plate armour "Railuq" {MR+ Int-4 SInv Stlth+} (You found it in a labyrinth)
 24059 | Lab      | Learned a level 3 spell: Conjure Flame
 24100 | Orc:3    | Reached XP level 15. HP: 115/119 MP: 18/23
 24142 | Orc:3    | Killed an orc warlord
 24428 | Orc:4    | Found Melirhig's Jewellery Boutique.
 24443 | Orc:4    | Bought the ring of Moderation {Fire Str+4 Int+5 Dex+3} for 915 gold pieces
 24746 | Orc:4    | Found a staircase to the Elven Halls.
 24915 | Elf:1    | Entered Level 1 of the Elven Halls
 25027 | Elf:1    | Identified the Disquisition on the Entourage (You found it on level 1 of the Elven Halls)
 25170 | Elf:1    | Reached skill level 18 in Axes
 25293 | Elf:1    | Found Intim's Assorted Antiques.
 25800 | Elf:1    | Reached skill level 1 in Evocations
 26518 | Swamp:1  | Entered Level 1 of the Swamp
 26974 | Swamp:1  | Learned a level 6 spell: Invisibility
 26976 | Swamp:1  | Learned a level 1 spell: Apportation
 27421 | Swamp:2  | Noticed Kirke
 27424 | Swamp:2  | Noticed an Executioner
 28948 | Swamp:2  | Killed Kirke
 29468 | Swamp:2  | Got a pitted rapier
 29510 | Swamp:3  | Noticed Louise
 29541 | Swamp:3  | Noticed an Executioner
 29546 | Swamp:4  | Entered Level 4 of the Swamp
 29921 | Swamp:4  | Noticed a thorn hunter
 29928 | Swamp:4  | Killed a thorn hunter
 29930 | Swamp:4  | Gained mutation: You resist negative energy. [demonic ancestry]
 29930 | Swamp:4  | Reached XP level 16. HP: 127/129 MP: 24/24
 30021 | Swamp:4  | Got a decaying rune of Zot
 30122 | Swamp:4  | Noticed a thorn hunter
 30139 | Swamp:4  | Killed a thorn hunter
 30734 | Swamp:3  | Noticed Aizul
 31075 | Swamp:3  | Reached skill level 10 in Armour
 31292 | Swamp:3  | Killed Aizul
 31292 | Swamp:3  | Reached skill level 19 in Axes
 31586 | Swamp:3  | Killed Louise
 31662 | Swamp:3  | Found a radiant altar of Vehumet.
 33335 | D:13     | Found a flickering gateway to a bazaar.
 33351 | Bazaar   | Entered a bazaar
 33355 | Bazaar   | Found Sadu's Antique Weapon Shoppe.
 33359 | Bazaar   | Found Houvun's Weapon Shop.
 33365 | Bazaar   | Found Xivokhega's Antique Weapon Boutique.
 33385 | Bazaar   | Found Veaxtix's Assorted Antiques.
 33393 | Bazaar   | Bought a shiny helmet for 144 gold pieces
 33406 | Bazaar   | Bought a scroll of recharging for 304 gold pieces
 33792 | D:13     | Learned a level 5 spell: Phase Shift
 33959 | D:14     | Noticed Roxanne
 34072 | D:14     | Found Nedwonuf's Assorted Antiques.
 34114 | D:14     | Bought a potion of heal wounds for 145 gold pieces
 34166 | D:14     | Found an ancient bone altar of Kikubaaqudgha.
 34172 | D:14     | Identified Kikubaaqudgha's Volume of Dark Rituals
 34177 | D:14     | Learned a level 3 spell: Regeneration
 34841 | D:14     | Found a gate to the Vaults.
 34854 | D:14     | Reached XP level 17. HP: 136/136 MP: 25/25
 34895 | D:15     | Entered Level 15 of the Dungeon
 34918 | D:15     | Noticed Azrael
 34959 | D:15     | Killed Azrael
 35282 | D:15     | Found a staircase to the Depths.
 35507 | D:15     | Reached skill level 20 in Axes
 35522 | D:15     | Gained mutation: You are somewhat able to resist unholy torments (1 in 2 success). [demonic ancestry]
 35522 | D:15     | Reached XP level 18. HP: 143/143 MP: 26/26
 36184 | Depths:1 | Entered Level 1 of the Depths
 36318 | Depths:1 | Found a gateway to Hell.
 36406 | Depths:1 | Found a gateway to a ziggurat.
 40036 | D:14     | Killed Roxanne
 40053 | D:14     | Identified Roxanne's Grimoire of Moulding (You took it off Roxanne on level 14 of the Dungeon)
 41229 | Elf:2    | Found a deep blue altar of Sif Muna.
 41266 | Elf:2    | Found a runed gate.
 41266 | Elf:2    | Found a runed gate.
 41266 | Elf:2    | Found a runed gate.
 41691 | Elf:2    | Gained mutation: You are mostly covered in sharp spines. [demonic ancestry]
 41691 | Elf:2    | Reached XP level 19. HP: 132/152 MP: 28/28
 42028 | Elf:3    | Entered Level 3 of the Elven Halls
 42097 | Elf:3    | Noticed Mara
 42103 | Elf:3    | Noticed Hanyuu's illusion
 42513 | Elf:1    | Reached skill level 21 in Axes
 42826 | Vaults:1 | Entered Level 1 of the Vaults
 43992 | Vaults:1 | Got a polished ring mail
 44003 | Vaults:1 | Identified the +1 ring mail of Depression {Int+3} (You found it on level 1 of the Vaults)
 44089 | Vaults:1 | Found Nuotsigho's Weapon Boutique.
 44477 | Vaults:1 | Got a slimy rapier
 45092 | Vaults:2 | Found Roh Yczu's Book Shoppe.
 45757 | Vaults:2 | Reached skill level 15 in Fighting
 45935 | Vaults:3 | Noticed Frederick
 45948 | Vaults:3 | Killed Frederick
 46576 | Vaults:3 | Reached skill level 22 in Axes
 46579 | Vaults:3 | Gained mutation: A demonic guardian rushes to your aid. [demonic ancestry]
 46579 | Vaults:3 | Reached XP level 20. HP: 162/162 MP: 29/29
 46739 | Vaults:3 | Found a staircase to the Crypt.
 47311 | Crypt:1  | Entered Level 1 of the Crypt
 47673 | Crypt:1  | Noticed Sojobo
 47688 | Crypt:1  | Killed Sojobo
 48191 | Crypt:2  | Noticed Saint Roka
 48228 | Crypt:2  | Killed Saint Roka
 48658 | Crypt:2  | Reached skill level 23 in Axes
 48769 | Crypt:2  | Noticed Donald
 48785 | Crypt:2  | Killed Donald
 49043 | Crypt:2  | Reached skill level 15 in Armour
 49142 | Crypt:3  | Entered Level 3 of the Crypt
 49327 | Crypt:3  | Found a staircase to the Tomb.
 49581 | Crypt:3  | Found a basalt altar of Yredelemnul.
 49581 | Crypt:3  | Noticed an ancient lich
 49601 | Crypt:3  | Killed an ancient lich
 49601 | Crypt:3  | Gained mutation: Your melee attacks may debilitate your foes. [demonic ancestry]
 49601 | Crypt:3  | Reached XP level 21. HP: 81/168 MP: 30/30
 50344 | Crypt:3  | Identified a +5 rod of shadows (9/9) (You found it on level 3 of the Crypt)
 50352 | Crypt:3  | Identified the Incunabulum of Translocation and Conjuration
 50368 | Crypt:3  | Identified a cursed +0 rod of inaccuracy (9/9) (You found it on level 3 of the Crypt)
 50753 | Crypt:3  | Got a brightly glowing rapier
 51215 | Vaults:4 | Noticed Margery
 51224 | Vaults:4 | Killed Margery
 51416 | Vaults:4 | Reached skill level 24 in Axes
 51565 | Vaults:4 | Reached skill level 5 in Evocations
 52015 | Vaults:4 | Got a fine pewter amulet
 52017 | Vaults:4 | Identified the amulet of Xom's Fair Game {rMut Str-5 Dex+4} (You took it off a vault sentinel on level 4 of the Vaults)
 52137 | Vaults:4 | Learned a level 5 spell: Dispel Undead
 52418 | Vaults:5 | Entered Level 5 of the Vaults
 52490 | Vaults:5 | Reached XP level 22. HP: 175/175 MP: 31/31
 52501 | Vaults:5 | Noticed an ancient lich
 52842 | Vaults:5 | Killed an ancient lich
 53026 | Vaults:5 | Reached skill level 25 in Axes
 53478 | Vaults:5 | Noticed an ancient lich
 53493 | Vaults:5 | Gained mutation: A powerful demonic guardian rushes to your aid. [demonic ancestry]
 53493 | Vaults:5 | Reached XP level 23. HP: 155/181 MP: 32/32
 53494 | Vaults:5 | Killed an ancient lich
 53546 | Vaults:5 | Got a translucent bone ring
 53547 | Vaults:5 | Identified the ring "Will" {rElec MP+9} (You took it off a yaktaur captain on level 5 of the Vaults)
 53595 | Vaults:5 | Got a silver rune of Zot
 53598 | Vaults:5 | Found Hotuloeb's Magic Scroll Shoppe.
 53599 | Vaults:5 | Found Rilib's Gadget Shoppe.
 53603 | Vaults:5 | Found Xygaogex's General Store.
 53619 | Vaults:5 | Bought a scroll of immolation for 35 gold pieces
 53619 | Vaults:5 | Bought a scroll of immolation for 35 gold pieces
 53619 | Vaults:5 | Bought a scroll of immolation for 35 gold pieces
 53619 | Vaults:5 | Bought a scroll of blinking for 75 gold pieces
 53653 | Vaults:5 | Found Imedwis's Jewellery Shoppe.
 53661 | Vaults:5 | Bought the ring of Acirch {rElec rPois MR+ MP+9 Stlth+} for 932 gold pieces
 54879 | Depths:1 | Got a faintly glowing robe
 54880 | Depths:1 | Identified the +1 robe of Day {MR+ Regen+ Dex+6} (You took it off a tengu conjurer on level 1 of the Depths)
 54917 | Depths:1 | Found a radiant altar of Vehumet.
 54951 | Depths:1 | Got an encrusted hat
 54957 | Depths:1 | Identified the +2 hat of the Journeyman {*Confuse rF++ rC+ Slay+2} (You found it on level 1 of the Depths)
 54964 | Depths:1 | Got a fabulously ornate robe
 54975 | Depths:1 | Identified the +2 robe of Watchfulness {rElec Int+4} (You found it on level 1 of the Depths)
 55225 | Depths:2 | Reached skill level 26 in Axes
 55727 | Depths:2 | Found a one-way gate leading to the halls of Pandemonium.
 55758 | Depths:2 | Noticed Wiglaf
 55767 | Depths:2 | Killed Wiglaf
 55915 | Depths:2 | Reached skill level 1 in Necromancy
 56237 | Depths:2 | Found a one-way gate to the infinite horrors of the Abyss.
 56304 | Depths:2 | Noticed a golden dragon
 56314 | Depths:2 | Killed a golden dragon
 56334 | Depths:2 | Learned a level 2 spell: Shroud of Golubria
 56337 | Depths:2 | Learned a level 2 spell: Blink
 56342 | Depths:2 | Learned a level 4 spell: Passage of Golubria
 56546 | Depths:2 | Reached XP level 24. HP: 159/188 MP: 32/32
 56828 | Depths:3 | Got a bloodstained robe
 56829 | Depths:3 | Identified the +0 robe "Zual" {rC+ Slay+3} (You found it on level 3 of the Depths)
 57444 | Depths:3 | Gained mutation: You are agile. (Dex +2) [potion of beneficial mutation]
 57884 | Depths:3 | Upgraded the game from 0.17-a0-1311-gbcbd859 to 0.17-a0-1337-ge651487
 57993 | Depths:3 | Reached skill level 27 in Axes
 58340 | Depths:4 | Learned a level 2 spell: Swiftness
 58343 | Depths:4 | Learned a level 2 spell: Repel Missiles
 58538 | Depths:4 | Reached skill level 1 in Charms
 58549 | Depths:4 | Got a shimmering broad axe
 58550 | Depths:4 | Identified the +3 broad axe of the Thirteen Hells {drain, +Fly Dex+4} (You found it on level 4 of the Depths)
 58684 | Depths:4 | Found a portal to a secret trove of treasure.
 58941 | Depths:5 | Entered Level 5 of the Depths
 59075 | Depths:5 | Found a gate to the Realm of Zot.
 60486 | Elf:3    | Reached XP level 25. HP: 197/197 MP: 35/35
 61079 | Elf:3    | Noticed Hanyuu's illusion
 61079 | Elf:3    | Killed Mara
 61089 | Elf:3    | Killed Mara
 61093 | Elf:3    | Killed Mara
 61404 | Elf:3    | Got a glittering glass ring
 61527 | Elf:3    | Identified Hinu's Guide on Bewitchment (You found it on level 3 of the Elven Halls)
 61545 | Elf:3    | Got a pair of dazzling gloves
 61556 | Elf:3    | Identified the +1 pair of gloves "Fuch" {*Corrode rPois rN+ Str+5} (You found it on level 3 of the Elven Halls)
 61612 | Elf:3    | Identified the Papyrus of the Compass and Moulding
 61696 | Elf:3    | Upgraded the game from 0.17-a0-1337-ge651487 to 0.17-a0-1360-g37db002
 62302 | Crypt:3  | Identified the ring "Souhinos" {*Drain +Fly rPois Str+3 Slay+3} (You took it off a deep elf sorcerer on level 3 of the Elven Halls)
 62381 | Tomb:1   | Entered Level 1 of the Tomb of the Ancients
 62566 | Tomb:1   | Got a slimy plate armour
 62577 | Tomb:1   | Identified the +4 plate armour "Ronnar" {+Fly} (You acquired it on level 1 of the Tomb of the Ancients)
 63782 | Tomb:1   | Got a pitted bardiche
 63783 | Tomb:1   | Identified the cursed +1 bardiche of Onguity {drain, *Noise rPois Int+5 Stlth+} (You found it on level 1 of the Tomb of the Ancients)
 65081 | Tomb:2   | Gained mutation: Potions and wands are less effective at restoring your health. [a neqoxec]
 66219 | Tomb:1   | Reached skill level 5 in Charms
 66236 | Tomb:1   | Gained mutation: You are completely covered in sharp spines. [demonic ancestry]
 66236 | Tomb:1   | Reached XP level 26. HP: 162/204 MP: 35/35
 69070 | Tomb:3   | Entered Level 3 of the Tomb of the Ancients
 69206 | Tomb:3   | Reached XP level 27. HP: 180/193 MP: 35/35
 70483 | Tomb:3   | Noticed an ancient lich
 70493 | Tomb:3   | Killed an ancient lich
 70502 | Tomb:3   | Got a golden rune of Zot
 71170 | Tomb:3   | Got a steaming bronze ring
 71171 | Tomb:3   | Identified the ring "Vyefenim" {rF+ Stlth-} (You found it on level 3 of the Tomb of the Ancients)
 71183 | Tomb:3   | Identified the Guide on Warped Snow
 71189 | Tomb:3   | Learned a level 4 spell: Condensation Shield
 71218 | Tomb:3   | Got a crude chain mail
 71229 | Tomb:3   | Identified the +7 chain mail of Indecent Exposure {MR+} (You found it on level 3 of the Tomb of the Ancients)
 71256 | Tomb:3   | Got a distressingly furry robe
 71259 | Tomb:3   | Identified the +1 robe "Dig Ycru" {rF+ rC+ MR+} (You found it on level 3 of the Tomb of the Ancients)
 72753 | D:11     | Bought an uncursed amulet of resist mutation for 720 gold pieces
 73019 | Snake:1  | Found a stormy altar of Qazlal.
 75128 | Snake:4  | Entered Level 4 of the Snake Pit
 75517 | Snake:4  | Noticed Jorgrun
 75527 | Snake:4  | Killed Jorgrun
 75634 | Snake:4  | Reached skill level 10 in Spellcasting
 75750 | Snake:4  | Got a serpentine rune of Zot
 75986 | Snake:4  | Found Dygud's Antique Armour Shoppe.
 76390 | Slime:1  | Entered Level 1 of the Pits of Slime
 76796 | Slime:2  | Reached skill level 1 in Ice Magic
 76827 | Slime:2  | Noticed Dissolution
 76845 | Slime:2  | Slain by Dissolution

Vault maps used:
D:1:      erik_arrival_triangle_large, tso_metal_star
D:2:      zin_purify, first_bread, kennysheep_doodads,
          nicolae_ru_the_path_less_chosen, uniq_crazy_yiuf_cottage
D:3:      nicolae_overflow_quartered_altars, uniq_robin
D:4:      fedhas_altar_3
D:5:      minitemple, minmay_temple_entry_glassed_door, okawaru_trees_2,
          uniq_menkaure
D:6:      serial_shops, nicolae_shop_crystal
D:7:      kennysheep_seaside_town
D:8:      hangedman_tree_tricks, uniq_grum
D:11:     lair_0_dummy, erik_orc_1, serial_shops, nicolae_shop_window_shopping
D:12:     serial_bayou, serial_bayou_shore_b, serial_bayou_pond_d,
          serial_bayou_pond_a, serial_bayou_lagoon_a, serial_bayou_pond_c
D:13:     serial_shops, bzr_entry_safe
D:14:     grunt_vaults_entry_fortified, serial_shops, nicolae_shop_statue_plus,
          lemuel_round_altar, uniq_roxanne
D:15:     hangedman_depths_entry_civil_slaughter, minivault_24, uniq_azrael
Temple:   triangle_lava_temple_12
Lair:1:   lightli_volcano_entry_magma_tube, uniq_harold
Lair:2:   serial_bayou_shore_a
Lair:3:   swamp_mist, beast_lair_carwin_6
Lair:4:   minmay_snake_entry_guardpost_small, serial_bayou_pond_b, uniq_snorg
Lair:5:   lemuel_fruit_fields
Lair:7:   minmay_slime_entry_eyes, minivault_23
Lair:8:   minmay_lair_end_enchanted_forest
Swamp:1:  evilmike_swamp_ruin_house_3, swamp_pool3
Swamp:2:  serial_swamp_ruin, evilmike_swamp_ruin_wall,
          evilmike_swamp_ruin_house_5, evilmike_swamp_ruin_house_4, uniq_kirke
Swamp:3:  nicolae_swamp_feature_on_the_river_bank, uniq_aizul, uniq_louise
Swamp:4:  swamp_alternative
Snake:1:  basic_altar
Snake:3:  grunt_ministairs_10
Snake:4:  snake_pit_salamanders_mu, serial_shops, shop, spider_trap,
          basic_stair_grate_trap, uniq_jorgrun
Slime:2:  nicolae_slime_round_cave, uniq_dissolution
Orc:1:    basic_altar
Orc:2:    serial_shops, nicolae_shop_waterfront, roderic_batcave
Orc:3:    portal_ice_cave_entry_pillars_01, nicolae_orc_pool_cavern, bloody_trog
Orc:4:    grunt_orc_gardens, grunt_orc_garden, grunt_orc_garden,
          grunt_orc_garden, grunt_orc_garden, lab_entry_generic
Elf:1:    elf_arrival_001, serial_shops, shop, minmay_elf_demonology
Elf:2:    basic_altar, basic_stair_grate_trap
Elf:3:    minmay_elf_hall_golems, uniq_mara
Vaults:1: ontoclasm_vaults_chip, hangedman_vaults_slither, vaults_room_boxed,
          v_misc_33, vaults_dpeg_spiral, ontoclasm_vaults_decontamination,
          st_smaller_cells, hangedman_vaults_restitches,
          nicolae_vaults_border_crossing, nicolae_vaults_ring_of_whatevers,
          v_misc_19, serial_shops, shop
Vaults:2: nicolae_vaults_diagonal_hallway_8, vaults_dpeg_doors,
          hangedman_vaults_stretched_pinwheel, ontoclasm_vaults_gateway,
          vaults_dpeg_ring, serial_shops, shop
Vaults:3: v_pattern_2, dpeg_vaults_pockets_of_resistance,
          minmay_crypt_entry_simple_statues, nicolae_vaults_alarming,
          ontoclasm_vaults_loading_screen,
          vaults_standard_mumra_enter_the_diamond, ontoclasm_vaults_eye,
          vaults_room_semicircle, uniq_frederick
Vaults:4: v_misc_9, grunt_vaults_funneled_arena, v_misc_24,
          hangedman_vaults_maws, v_misc_30, v_alt_pattern_2,
          hangedman_vaults_corner, v_misc_9, ontoclasm_vaults_loading_screen,
          vaults_room_door_ring, nicolae_vaults_theta, uniq_margery
Crypt:1:  uniq_sojobo
Crypt:2:  roderic_lattice_octagonal_star, uniq_donald, uniq_saint_roka
Crypt:3:  cryptofortress_bobbens
Depths:1: enter_ziggurat_a, pf_vacation_house_of_asmodeus,
          minmay_misc_feat_tiny, minmay_misc_feat_tower, minmay_variable_closet,
          st_stairs_9, grunt_tower_of_power
Depths:2: evilmike_inaccessible_box, hex_medium, grunt_hell_entry_dis_grunt,
          pan_entry, abyss_entry, minmay_misc_feat_hallway,
          corexii_corridor_pit, infiniplex_staircase_zigzag_4, firewood_loft,
          uniq_wiglaf
Depths:3: hangedman_arrow_trap, hangedman_abyss_entry_splay,
          rand_demon_pan_entry_9, hell_entry, serial_glass, glass_columns_a,
          glass_columns_c, glass_columns_b, glass_columns_b, glass_columns_c,
          glass_columns_c
Depths:4: minmay_tri_box, abyss_entry, hangedman_tar_grid_catacomb,
          enter_trove_6
Depths:5: evilmike_zot_entry_basic, grunt_metal_band, minmay_tree_intersection,
          basic_stair_grate_trap, hangedman_decor_cross_pass
Lab:      nicolae_lab_do_over, labyrinth_lava_lair, nicolae_lab_plus
Bazaar:   bazaar_kb_twisted_cavern
IceCv:    ice_cave_small_demon
Volcano:  volcano_overflow

Action                   |  1- 3 |  4- 6 |  7- 9 | 10-12 | 13-15 | 16-18 | 19-21 | 22-24 | 25-27 || total
-------------------------+-------+-------+-------+-------+-------+-------+-------+-------+-------++-------
Melee: War axe           |    60 |    87 |   132 |       |       |       |       |       |       ||   279
       Executioner's axe |       |       |   119 |   466 |  1146 |   933 |  1390 |  1053 |  1350 ||  6457
       Unarmed           |       |       |       |       |       |       |       |       |     5 ||     5
 Fire: Blowgun           |       |       |       |       |    42 |    68 |    19 |     7 |       ||   136
Throw: Throwing net      |     1 |       |     2 |       |       |     2 |       |       |     4 ||     9
 Cast: Regeneration      |       |       |       |       |       |       |     1 |       |     4 ||     5
       Blink             |       |       |       |       |       |       |       |       |     7 ||     7
       Shroud of Golubri |       |       |       |       |       |       |       |       |     8 ||     8
       Swiftness         |       |       |       |       |       |       |       |       |     7 ||     7
       Repel Missiles    |       |       |       |       |       |       |       |       |     3 ||     3
Invok: Greater Servant o |       |       |       |     3 |    20 |    17 |    14 |     3 |     4 ||    61
       Major Destruction |       |       |       |     2 |       |       |       |       |       ||     2
Evoke: Wand              |       |       |       |     6 |    11 |    11 |     7 |    10 |     9 ||    54
       Rod               |       |       |       |       |       |       |       |       |     2 ||     2
  Use: Scroll            |     2 |     5 |    15 |    16 |    20 |    21 |    11 |     8 |     7 ||   105
       Potion            |       |       |       |       |     7 |     8 |    11 |     2 |     7 ||    35
 Stab: Sleeping          |     2 |     1 |       |       |       |       |       |       |       ||     3
       Held in net/web   |     1 |       |       |       |       |     1 |       |       |     2 ||     4
       Distracted        |       |     1 |     3 |     5 |    15 |     6 |    13 |    11 |     7 ||    61
       Confused          |       |       |       |       |     2 |     1 |       |       |       ||     3
  Eat: Chunk             |     2 |     4 |     7 |    45 |    23 |    17 |    22 |    19 |    13 ||   152
       Bread ration      |       |       |     2 |       |       |     3 |     2 |     1 |     8 ||    16
       Pizza             |       |       |       |       |     6 |       |     1 |     3 |     1 ||    11
       Fruit             |       |       |       |       |    30 |     9 |     4 |       |     4 ||    47
       Beef jerky        |       |       |       |       |       |       |     2 |       |       ||     2
       Royal jelly       |       |       |       |       |       |       |       |       |     1 ||     1
